| TOP OF THE 1ST |
|
University of Toronto Marlies batting - Pitching for Stanford University Cardinal : RHP Norman Hewat
|
|
Pitching: RHP Norman Hewat
|
|
|
Batting: LHB Jonathan Roman
|
0-0: Foul Ball, location: 2F 0-1: Fly out, F7 (Flyball, 78S, EV 85.6 MPH)
|
|
Batting: RHB Rich Thurman
|
0-0: Ball 1-0: Ball 2-0: Ball 3-0: Called Strike 3-1: Called Strike 3-2: Strikes out looking
|
|
Batting: LHB Jonathon Walton
|
0-0: Called Strike 0-1: Foul Ball, location: 2F 0-2: Fly out, F8 (Flyball, 8RD, EV 98.1 MPH)
|
| Top of the 1st over - 0 runs, 0 hits, 0 errors, 0 left on base; University of Toronto 0 - Stanford University 0 |
| BOTTOM OF THE 1ST |
|
Stanford University Cardinal batting - Pitching for University of Toronto Marlies : LHP Leo Gutierrez
|
|
Pitching: LHP Leo Gutierrez
|
|
|
Batting: SHB Robert Santiago
|
0-0: SINGLE (Line Drive, 6D, EV 95.6 MPH)
|
|
Batting: RHB Roy Battist
|
0-0: Ball 1-0: Ball 2-0: Fielders Choice at 2nd, 4-6 (Groundball, 4, EV 81.9 MPH)
|
|
Batting: SHB Jason Larson
|
0-0: Ball 1-0: Ball 2-0: Ball 3-0: Swinging Strike 3-1: Called Strike 3-2: Foul Ball, location: 2F 3-2: Base on Balls Roy Battist to second
|
|
Batting: RHB Mike Bell
|
0-0: Called Strike 0-1: Ball 1-1: Called Strike 1-2: Strikes out swinging
|
|
Batting: RHB Josh Asch
|
0-0: Foul Ball, location: 2F 0-1: Ball Wild Pitch! Roy Battist to third Jason Larson to second 1-1: Foul Ball, location: 2F 1-2: Foul Ball, location: 2F 1-2: Ball 2-2: Ground out 6-3 (Groundball, 6, EV 82.5 MPH)
|
| Bottom of the 1st over - 0 runs, 1 hit, 0 errors, 2 left on base; University of Toronto 0 - Stanford University 0 |
| TOP OF THE 2ND |
|
University of Toronto Marlies batting - Pitching for Stanford University Cardinal : RHP Norman Hewat
|
|
Batting: RHB Elijah Hunter
|
0-0: Foul Ball, location: 2F 0-1: Swinging Strike 0-2: Ball 1-2: Strikes out swinging
|
|
Batting: RHB Masaru Konno
|
0-0: Ball 1-0: Foul Ball, location: 2F 1-1: Ball 2-1: Swinging Strike 2-2: Foul Ball, location: 2F 2-2: Ball 3-2: Ground out 6-3 (Groundball, 6, EV 106.9 MPH)
|
|
Batting: LHB Chris Williams
|
0-0: Ball 1-0: Ball 2-0: Foul Ball, location: 2F 2-1: Foul Ball, location: 2F 2-2: Fly out, F9 (Flyball, 9LM, EV 78.8 MPH)
|
| Top of the 2nd over - 0 runs, 0 hits, 0 errors, 0 left on base; University of Toronto 0 - Stanford University 0 |
| BOTTOM OF THE 2ND |
|
Stanford University Cardinal batting - Pitching for University of Toronto Marlies : LHP Leo Gutierrez
|
|
Batting: LHB Andy Buschlen
|
0-0: Ball 1-0: Called Strike 1-1: Ball 2-1: Ball 3-1: Bunt for hit to P - play at first, batter safe!
|
|
Batting: RHB Joe Sandoval
|
0-0: Called Strike 0-1: Foul Ball, location: 2F 0-2: Ball 1-2: Strikes out swinging
|
|
Batting: SHB Justin Corbett
|
0-0: Ball 1-0: Ball 2-0: Called Strike 2-1: Swinging Strike 2-2: Foul Ball, location: 2F 2-2: SINGLE (Groundball, 5S, EV 66.3 MPH) (infield hit) Andy Buschlen to second
|
|
Batting: RHB Victor Robledo
|
0-0: Ball 1-0: Fielders Choice at 2nd, 6-4 (Groundball, 6S, EV 88.1 MPH) Andy Buschlen to third
|
|
Batting: SHB Robert Santiago
|
0-0: Ball 1-0: Ball 2-0: Ball 3-0: Base on Balls Victor Robledo to second
|
|
Batting: RHB Roy Battist
|
0-0: Called Strike 0-1: Swinging Strike 0-2: Ball 1-2: Ball 2-2: Foul Ball, location: 2F 2-2: Ball 3-2: Foul Ball, location: 2F 3-2: Base on Balls Andy Buschlen scores Victor Robledo to third Robert Santiago to second
|
|
Batting: SHB Jason Larson
|
0-0: Hit by Pitch Victor Robledo scores Robert Santiago to third Roy Battist to second
|
|
Batting: RHB Mike Bell
|
0-0: SINGLE (Groundball, 56D, EV 105.0 MPH) Robert Santiago scores Roy Battist to third Jason Larson to second Runner from 3rd tries for Home, SAFE, throw by LF to home
|
|
Batting: RHB Josh Asch
|
0-0: Foul Ball, location: 2F 0-1: Swinging Strike 0-2: Strikes out swinging
|
| Bottom of the 2nd over - 4 runs, 3 hits, 0 errors, 2 left on base; University of Toronto 0 - Stanford University 4 |
| TOP OF THE 3RD |
|
University of Toronto Marlies batting - Pitching for Stanford University Cardinal : RHP Norman Hewat
|
|
Batting: RHB Simon Van Steenwyk
|
0-0: Ball 1-0: Called Strike 1-1: Ball 2-1: Swinging Strike 2-2: Fly out, F8 (Flyball, 8LXD, EV 100.0 MPH)
|
|
Batting: RHB Dan Allred
|
0-0: Fly out, F8 (Line Drive, 8RD, EV 85.0 MPH)
|
|
Batting: LHB Marshall Daul
|
0-0: Ball 1-0: Ground out 6-3 (Groundball, 6, EV 100.6 MPH)
|
| Top of the 3rd over - 0 runs, 0 hits, 0 errors, 0 left on base; University of Toronto 0 - Stanford University 4 |
| BOTTOM OF THE 3RD |
|
Stanford University Cardinal batting - Pitching for University of Toronto Marlies : LHP Leo Gutierrez
|
|
Batting: LHB Andy Buschlen
|
0-0: Swinging Strike 0-1: Foul Ball, location: 2F 0-2: Strikes out swinging
|
|
Batting: RHB Joe Sandoval
|
0-0: Called Strike 0-1: Fly out, F7 (Flyball, 7S, EV 90.0 MPH)
|
|
Batting: SHB Justin Corbett
|
0-0: Called Strike 0-1: Foul Ball, location: 2F 0-2: Ball 1-2: Ball 2-2: Ground out 6-3 (Groundball, 6, EV 102.5 MPH)
|
| Bottom of the 3rd over - 0 runs, 0 hits, 0 errors, 0 left on base; University of Toronto 0 - Stanford University 4 |
| TOP OF THE 4TH |
|
University of Toronto Marlies batting - Pitching for Stanford University Cardinal : RHP Norman Hewat
|
|
Batting: LHB Jonathan Roman
|
0-0: Ball 1-0: Ball 2-0: Called Strike 2-1: Ball 3-1: SINGLE (Groundball, 34D, EV 105.6 MPH) (infield hit)
|
|
Batting: RHB Rich Thurman
|
0-0: Called Strike 0-1: Called Strike 0-2: Foul Ball, location: 2F 0-2: Foul Ball, location: 2F 0-2: Fly out, F9 (Flyball, 9S, EV 86.9 MPH)
|
|
Batting: LHB Jonathon Walton
|
0-0: Ball 1-0: Ball 2-0: Foul Ball, location: 2F 2-1: Ball 3-1: Foul Ball, location: 2F 3-2: SINGLE (Flyball, 89S, EV 90.0 MPH) Jonathan Roman to second
|
|
Batting: RHB Elijah Hunter
|
0-0: Ball 1-0: Ball 2-0: Fielders Choice at 2nd, 3-6 (Groundball, 13, EV 84.4 MPH) Jonathan Roman to third
|
|
Batting: RHB Masaru Konno
|
0-0: Ball 1-0: Ball 2-0: Foul Ball, location: 2F 2-1: Fly out, F4 (Popup, 34D, EV 70.0 MPH)
|
| Top of the 4th over - 0 runs, 2 hits, 0 errors, 2 left on base; University of Toronto 0 - Stanford University 4 |
| BOTTOM OF THE 4TH |
|
Stanford University Cardinal batting - Pitching for University of Toronto Marlies : LHP Leo Gutierrez
|
|
Batting: RHB Victor Robledo
|
0-0: Ball 1-0: Called Strike 1-1: Foul Ball, location: 2F 1-2: Ball 2-2: Foul Ball, location: 2F 2-2: Foul Ball, location: 2F 2-2: Strikes out looking
|
|
Batting: SHB Robert Santiago
|
0-0: Ball 1-0: Ball 2-0: Fly out, F9 (Flyball, 9LM, EV 85.6 MPH)
|
|
Batting: RHB Roy Battist
|
0-0: Swinging Strike 0-1: Foul Ball, location: 2F 0-2: Foul Ball, location: 2F 0-2: Foul Ball, location: 2F 0-2: SINGLE (Groundball, 6D, EV 95.0 MPH)
|
|
Batting: SHB Jason Larson
|
0-0: Ball 1-0: Ball 2-0: Foul Ball, location: 2F 2-1: Called Strike 2-2: DOUBLE (Line Drive, 5D, EV 101.3 MPH) Roy Battist to third
|
|
Batting: RHB Mike Bell
|
0-0: Called Strike 0-1: Ball 1-1: Ball 2-1: Called Strike 2-2: SINGLE (Flyball, 5D, EV 98.1 MPH) Roy Battist scores Jason Larson to third Runner from 3rd tries for Home, SAFE, throw by LF to home
|
|
Pitching: RHP Si-dao Xia
|
|
|
Batting: RHB Josh Asch
|
0-0: Called Strike 0-1: Foul Ball, location: 2F 0-2: Ball 1-2: Foul Ball, location: 2F 1-2: Ball 2-2: Foul Ball, location: 2F 2-2: Ball 3-2: Foul Ball, location: 2F 3-2: Foul Ball, location: 2F 3-2: Foul Ball, location: 2F 3-2: Ground out 4-3 (Groundball, 4, EV 86.9 MPH)
|
| Bottom of the 4th over - 2 runs, 3 hits, 0 errors, 1 left on base; University of Toronto 0 - Stanford University 6 |
| TOP OF THE 5TH |
|
University of Toronto Marlies batting - Pitching for Stanford University Cardinal : RHP Norman Hewat
|
|
Batting: LHB Chris Williams
|
0-0: Swinging Strike 0-1: Ball 1-1: Foul Ball, location: 2F 1-2: Foul Ball, location: 2F 1-2: Fly out, F9 (Flyball, 89D, EV 111.3 MPH)
|
|
Batting: RHB Simon Van Steenwyk
|
0-0: Ball 1-0: Swinging Strike 1-1: Called Strike 1-2: Ball 2-2: Strikes out looking
|
|
Batting: RHB Dan Allred
|
0-0: Swinging Strike 0-1: Foul Ball, location: 2F 0-2: Strikes out swinging
|
| Top of the 5th over - 0 runs, 0 hits, 0 errors, 0 left on base; University of Toronto 0 - Stanford University 6 |
| BOTTOM OF THE 5TH |
|
Stanford University Cardinal batting - Pitching for University of Toronto Marlies : RHP Si-dao Xia
|
|
Batting: LHB Andy Buschlen
|
0-0: Ball 1-0: Ball 2-0: Called Strike 2-1: Foul Ball, location: 2F 2-2: Fly out, F5 (Flyball, 5D, EV 95.6 MPH)
|
|
Batting: RHB Joe Sandoval
|
0-0: Ball 1-0: Ball 2-0: Called Strike 2-1: Fly out, F8 (Flyball, 8RS, EV 95.0 MPH)
|
|
Batting: SHB Justin Corbett
|
0-0: Ball 1-0: Ball 2-0: Ball 3-0: Called Strike 3-1: Base on Balls
|
|
Batting: RHB Victor Robledo
|
0-0: Fly out, F8 (Flyball, 78D, EV 108.8 MPH)
|
| Bottom of the 5th over - 0 runs, 0 hits, 0 errors, 1 left on base; University of Toronto 0 - Stanford University 6 |
| TOP OF THE 6TH |
|
University of Toronto Marlies batting - Pitching for Stanford University Cardinal : RHP Norman Hewat
|
|
Batting: LHB Marshall Daul
|
0-0: Ball 1-0: Foul Ball, location: 2F 1-1: Ground out 4-3 (Groundball, 4M, EV 88.1 MPH)
|
|
Batting: LHB Jonathan Roman
|
0-0: Ball 1-0: Called Strike 1-1: Foul Ball, location: 2F 1-2: Foul Ball, location: 2F 1-2: Foul Ball, location: 2F 1-2: Ball 2-2: Foul Ball, location: 2F 2-2: SINGLE (Groundball, 13, EV 94.4 MPH) (infield hit)
|
|
Pitching: RHP Max Warburton
|
|
|
Batting: RHB Rich Thurman
|
0-0: Ball 1-0: Ball 2-0: Ball 3-0: Foul Ball, location: 2F 3-1: Foul Ball, location: 2F 3-2: Foul Ball, location: 2F 3-2: Base on Balls Jonathan Roman to second
|
|
Batting: LHB Jonathon Walton
|
0-0: SINGLE (Groundball, 23, EV 68.8 MPH) (infield hit) Jonathan Roman to third Rich Thurman to second
|
|
Batting: RHB Elijah Hunter
|
0-0: Called Strike 0-1: Called Strike 0-2: Strikes out swinging
|
|
Batting: RHB Masaru Konno
|
0-0: SINGLE (Line Drive, 89M, EV 110.0 MPH) Jonathan Roman scores Rich Thurman to third Jonathon Walton to second
|
|
Batting: LHB Chris Williams
|
0-0: Called Strike 0-1: Called Strike 0-2: Ball 1-2: Ball 2-2: Strikes out swinging
|
| Top of the 6th over - 1 run, 3 hits, 0 errors, 3 left on base; University of Toronto 1 - Stanford University 6 |
| BOTTOM OF THE 6TH |
|
Stanford University Cardinal batting - Pitching for University of Toronto Marlies : RHP Si-dao Xia
|
|
Batting: SHB Robert Santiago
|
0-0: Ball 1-0: Ball 2-0: Swinging Strike 2-1: Ball 3-1: Foul Ball, location: 2F 3-2: Base on Balls
|
|
Batting: RHB Roy Battist
|
0-0: Ball 1-0: Grounds out, U3 (Groundball, 3L, EV 80.6 MPH)
|
|
Batting: SHB Jason Larson
|
0-0: Swinging Strike 0-1: Ball 1-1: Fly out, F3 (Popup, 3F, EV 78.1 MPH)
|
|
Batting: RHB Mike Bell
|
0-0: Ball 1-0: Ball 2-0: Ground out 1-3 (Groundball, P, EV 69.4 MPH)
|
| Bottom of the 6th over - 0 runs, 0 hits, 0 errors, 1 left on base; University of Toronto 1 - Stanford University 6 |
| TOP OF THE 7TH |
|
University of Toronto Marlies batting - Pitching for Stanford University Cardinal : RHP Max Warburton
|
|
Batting: RHB Simon Van Steenwyk
|
0-0: Foul Ball, location: 2F 0-1: Ball 1-1: Ground out 4-3 (Groundball, 4M, EV 85.6 MPH)
|
|
Batting: RHB Dan Allred
|
0-0: Ball 1-0: Fly out, F9 (Flyball, 9, EV 81.9 MPH)
|
|
Batting: LHB Marshall Daul
|
0-0: Ball 1-0: Fly out, F7 (Flyball, 7LS, EV 82.5 MPH)
|
| Top of the 7th over - 0 runs, 0 hits, 0 errors, 0 left on base; University of Toronto 1 - Stanford University 6 |
| BOTTOM OF THE 7TH |
|
Stanford University Cardinal batting - Pitching for University of Toronto Marlies : RHP Si-dao Xia
|
|
Batting: RHB Josh Asch
|
0-0: Ball 1-0: Ball 2-0: Swinging Strike 2-1: Fly out, F9 (Flyball, 9D, EV 86.3 MPH)
|
|
Batting: LHB Andy Buschlen
|
0-0: Ball 1-0: Ball 2-0: Called Strike 2-1: Foul Ball, location: 2F 2-2: Ball 3-2: Fly out, F9 (Flyball, 9S, EV 90.0 MPH)
|
|
Pitching: RHP Dane Long
|
|
|
Batting: RHB Joe Sandoval
|
0-0: Swinging Strike 0-1: Swinging Strike 0-2: Ball 1-2: Strikes out swinging
|
| Bottom of the 7th over - 0 runs, 0 hits, 0 errors, 0 left on base; University of Toronto 1 - Stanford University 6 |
| TOP OF THE 8TH |
|
University of Toronto Marlies batting - Pitching for Stanford University Cardinal : RHP Max Warburton
|
|
Batting: LHB Jonathan Roman
|
0-0: Called Strike 0-1: Fly out, F8 (Flyball, 8RD, EV 90.0 MPH)
|
|
Batting: RHB Rich Thurman
|
0-0: Ball 1-0: Ball 2-0: Foul Ball, location: 2F 2-1: Ball 3-1: Base on Balls
|
|
Pitching: RHP Jason Barr
|
|
|
Batting: LHB Jonathon Walton
|
0-0: Ball 1-0: Grounds into double play, 4-6-3 (Groundball, 4, EV 108.8 MPH)
|
| Top of the 8th over - 0 runs, 0 hits, 0 errors, 0 left on base; University of Toronto 1 - Stanford University 6 |
| BOTTOM OF THE 8TH |
|
Stanford University Cardinal batting - Pitching for University of Toronto Marlies : RHP Dane Long
|
|
Batting: SHB Justin Corbett
|
0-0: Ball 1-0: Called Strike 1-1: Foul Ball, location: 2F 1-2: Ball 2-2: Ground out 5-3 (Groundball, 56, EV 85.0 MPH)
|
|
Batting: RHB Victor Robledo
|
0-0: Ball 1-0: Ball 2-0: Foul Ball, location: 2F 2-1: Fly out, F8 (Flyball, 8RD, EV 100.6 MPH)
|
|
Batting: SHB Robert Santiago
|
0-0: Ground out 4-3 (Groundball, 4D, EV 87.5 MPH)
|
| Bottom of the 8th over - 0 runs, 0 hits, 0 errors, 0 left on base; University of Toronto 1 - Stanford University 6 |
| TOP OF THE 9TH |
|
University of Toronto Marlies batting - Pitching for Stanford University Cardinal : RHP Jason Barr
|
|
Batting: RHB Elijah Hunter
|
0-0: Called Strike 0-1: Foul Ball, location: 2F 0-2: Ball 1-2: Strikes out looking
|
|
Batting: RHB Masaru Konno
|
0-0: Ball 1-0: Foul Ball, location: 2F 1-1: Ground out 1-3 (Groundball, P, EV 64.4 MPH)
|
|
Batting: LHB Chris Williams
|
0-0: Ball 1-0: Called Strike 1-1: Swinging Strike 1-2: Foul Ball, location: 2F 1-2: Foul Ball, location: 2F 1-2: Ball 2-2: Ground out 6-3 (Groundball, 6, EV 79.4 MPH)
|
| Top of the 9th over - 0 runs, 0 hits, 0 errors, 0 left on base; University of Toronto 1 - Stanford University 6 |
|